[Event "Titled Tuesday Blitz May 03 Late 2022"]
[White "Richter, Nils"]
[Black "Sliwicki, Damian"]
[WhiteFideId "12990809"]
[BlackFideId "1127128"]
[WhiteElo "2243"]
[BlackElo "2084"]
[Result "0-1"]
[Round "03"]
[TimeControl "180+1"]
[Date "2022.05.03"]
[WhiteClock "0:00:11"]
[BlackClock "0:00:16"]

1. b3 e5 2. Bb2 Nc6 3. c4 Nf6 4. e3 d5 5. cxd5 Nxd5 6. Nc3 Be6 7. Nf3 Nxc3 8. dxc3 Be7 9. c4 Bb4+ 10. Nd2 O-O 11. a3 Bxd2+ 12. Qxd2 Qg5 13. h4 Qg6 14. h5 Qg5 15. O-O-O Rfd8 16. Qc3 Rxd1+ 17. Kxd1 Rd8+ 18. Kc1 f6 19. g3 Bf5 20. Be2 Nd4 21. Bd1 Qh6 22. Re1 Ne6 23. g4 Be4 24. Bc2 Nc5 25. Rd1 Rxd1+ 26. Kxd1 Qg5 27. b4 Qxg4+ 28. Kc1 Qg1+ 29. Bd1 Nd3+ 30. Kd2 Qxf2+ 31. Be2 Qe1+ 32. Kc2 Nc5+ 33. Bd3 Bxd3+ 34. Qxd3 Nxd3 35. Kxd3 Qf2 36. c5 Qf1+ 37. Kc2 c6 38. b5 Qg2+ 39. Kb3 cxb5 40. a4 Qc6 41. a5 a6 42. Ba3 Qd5+ 43. Kb2 Qc4 44. h6 b4 45. hxg7 bxa3+ 46. Kxa3 Qxc5+ 47. Ka4 Qb5+ 48. Ka3 Qxa5+ 49. Kb3 Qb6+ 50. Kc4 Qxe3 51. Kb4 Qd4+ 52. Ka5 Qc5+ 53. Ka4 Qb5+ 54. Ka3 e4 55. Ka2 e3 56. Ka3 e2 57. Ka2 e1=Q 58. Ka3 Qa1# 0-1


[Site "https://www.chess.com"]

[Event "Titled Tuesday Blitz May 03 Late 2022"]
[White "Romero Ruscalleda, Josep"]
[Black "Miszler, Levente"]
[WhiteFideId "2231859"]
[BlackFideId "763276"]
[WhiteElo "2274"]
[BlackElo "1966"]
[Result "0-1"]
[Round "03"]
[TimeControl "180+1"]
[Date "2022.05.03"]
[WhiteClock "0:00:03"]
[BlackClock "0:00:03"]

1. e4 e6 2. d4 d5 3. e5 c5 4. c3 Nc6 5. Be3 cxd4 6. cxd4 f6 7. exf6 Nxf6 8. Nc3 Bd6 9. Bd3 O-O 10. Nge2 a6 11. a3 Qc7 12. Qc2 Bd7 13. Ng3 e5 14. dxe5 Nxe5 15. Bf5 Rae8 16. Bxd7 Qxd7 17. O-O Neg4 18. Bd4 Qf7 19. Rad1 Bxg3 20. fxg3 Nxh2 21. Rxf6 Qh5 22. Rf4 Ng4 23. Rxg4 Qxg4 24. Nxd5 Re2 25. Ne3 Qh5 26. Qc4+ Kh8 27. g4 Qb5 28. Qxb5 axb5 29. Nf5 Rf7 30. Bc3 Re8 31. Nd6 Rd7 32. Bxg7+ Rxg7 33. Nxb5 Rxg4 34. Rd7 Re2 35. Nd6 Rgxg2+ 36. Kf1 Rgf2+ 37. Kg1 Rg2+ 38. Kf1 Rxb2 39. Nf7+ Kg8 40. Nh6+ Kf8 41. Rxh7 Rh2 42. Kg1 Rhg2+ 43. Kf1 Rgc2 0-1


[Site "https://www.chess.com"]

[Event "Titled Tuesday Blitz May 03 Late 2022"]
[White "Rytenko, Vsevolod"]
[Black "Tang, Andrew"]
[WhiteFideId "14133040"]
[BlackFideId "2059630"]
[WhiteElo "2120"]
[BlackElo "2584"]
[Result "1/2-1/2"]
[Round "03"]
[TimeControl "180+1"]
[Date "2022.05.03"]
[WhiteClock "0:00:06"]
[BlackClock "0:00:06"]

1. e4 e5 2. Nf3 Nc6 3. Bb5 g6 4. O-O Bg7 5. c3 a6 6. Ba4 b5 7. Bb3 Na5 8. Bc2 Ne7 9. d4 exd4 10. cxd4 O-O 11. Bg5 h6 12. Bh4 d6 13. Nc3 g5 14. Bg3 f5 15. exf5 Nxf5 16. Qd3 Qf6 17. Rae1 Nc4 18. Nd5 Qf7 19. Ne7+ Kh8 20. Nxc8 Raxc8 21. b3 Na3 22. Qxf5 Qxf5 23. Bxf5 Rxf5 24. Re7 Rd5 25. Rc1 g4 26. Nh4 Bxd4 27. Ng6+ Kg8 28. Rexc7 Rxc7 29. Rxc7 Bf6 30. h3 Rd1+ 31. Kh2 gxh3 32. Kxh3 b4 33. Kg4 Rd5 34. Nf4 Rg5+ 35. Kf3 Nb5 36. Rb7 Nd4+ 37. Ke4 Re5+ 38. Kd3 Nb5 39. Rb6 a5 40. Ne2 Rd5+ 41. Ke4 Rc5 42. Bxd6 Nxd6+ 43. Rxd6 Rc2 44. Nf4 Kf7 45. Rd7+ Ke8 46. Ra7 Rxa2 47. Kf5 Bd4 48. Ra8+ Kd7 49. f3 Be3 50. Nd5 Bc5 51. g4 Kc6 52. Nf4 Kb7 53. Rh8 a4 54. bxa4 b3 55. Nd3 Bd4 56. Rxh6 Rd2 57. Rh7+ Kb6 58. Ke4 Bc3 59. Rh6+ Ka5 60. Rh7 Re2+ 61. Kd5 Re3 62. Kc4 Bf6 63. Ra7+ Kb6 64. Rd7 b2 65. Nxb2 Bxb2 66. Rd3 Re2 67. Rb3+ Ka5 68. Rb8 Rc2+ 69. Kd5 Rf2 70. Ke4 Kxa4 71. f4 Bc1 72. f5 Rf4+ 73. Ke5 Rxg4 74. Ke6 Re4+ 75. Kd5 Rf4 76. Ke6 Rf3 77. f6 Ba3 78. f7 Bc5 79. Rc8 Bb4 80. Rb8 Bc5 81. Rc8 Re3+ 82. Kd7 Rd3+ 83. Ke6 Re3+ 84. Kf6 Bb4 85. Rc4 Rf3+ 86. Kg6 Kb3 87. Rxb4+ Kxb4 88. Kg7 Rg3+ 89. Kf6 Rf3+ 90. Ke7 Kc5 91. f8=Q Rxf8 92. Kxf8 1/2-1/2


[Site "https://www.chess.com"]

[Event "Titled Tuesday Blitz May 03 Late 2022"]
[White "Sadovsky, Artem"]
[Black "Zanette, Edgard Vinicius"]
[WhiteFideId "4155840"]
[BlackFideId "2109263"]
[WhiteElo "2314"]
[BlackElo "2182"]
[Result "0-1"]
[Round "03"]
[TimeControl "180+1"]
[Date "2022.05.03"]
[WhiteClock "0:02:19"]
[BlackClock "0:02:05"]

1. e4 c5 2. Nf3 d6 3. c3 Nf6 4. h3 Nc6 5. d4 cxd4 6. cxd4 Nxe4 7. d5 Qa5+ 8. Nbd2 Nxd2 9. Bxd2 Qxd5 10. Qa4 Bf5 11. Be2 Qe4 12. Be3 Qxa4 0-1


[Site "https://www.chess.com"]

[Event "Titled Tuesday Blitz May 03 Late 2022"]
[White "Sarkar, Justin"]
[Black "Sanchez Alvares, Kelvin Antonio"]
[WhiteFideId "2010011"]
[BlackFideId "3906680"]
[WhiteElo "2038"]
[BlackElo "2193"]
[Result "0-1"]
[Round "03"]
[TimeControl "180+1"]
[Date "2022.05.03"]
[WhiteClock "0:00:01"]
[BlackClock "0:01:04"]

1. d4 Nf6 2. c4 c5 3. d5 g6 4. Nc3 Bg7 5. e4 d6 6. Be2 e6 7. Bg5 h6 8. Bh4 exd5 9. exd5 O-O 10. Nf3 Bg4 11. O-O Nbd7 12. h3 Bxf3 13. Bxf3 a6 14. a4 Ne5 15. Be2 Qa5 16. f4 Ned7 17. Qd3 Rfe8 18. Rab1 Nh7 19. Kh1 Bd4 20. Ne4 Qc7 21. f5 Ne5 22. Qc2 g5 23. Bg3 f6 24. Bh5 Re7 25. Bg6 Rf8 26. b4 cxb4 27. Rxb4 a5 28. Rb5 Qxc4 29. Qxc4 Nxc4 30. Nxd6 Ne3 31. Rfb1 b6 32. Rxb6 Bxb6 33. Rxb6 Nxd5 34. Rb5 Nc3 35. Rxa5 Re3 36. Bf2 Re2 0-1


[Site "https://www.chess.com"]

[Event "Titled Tuesday Blitz May 03 Late 2022"]
[White "Semenenko, Dmytry"]
[Black "Romanchuk, Viktor"]
[WhiteFideId "14118645"]
[BlackFideId "14109271"]
[WhiteElo "2113"]
[BlackElo "2242"]
[Result "0-1"]
[Round "03"]
[TimeControl "180+1"]
[Date "2022.05.03"]
[WhiteClock "0:00:58"]
[BlackClock "0:01:21"]

1. Nf3 d5 2. c4 c6 3. e3 Nf6 4. Nc3 e6 5. d4 Nbd7 6. Bd3 Be7 7. O-O O-O 8. e4 dxe4 9. Nxe4 c5 10. Nxf6+ Nxf6 11. dxc5 Bxc5 12. Qe2 b6 13. Bg5 Bb7 14. Rfd1 Qc7 15. a3 a5 16. Ne5 Rfd8 17. Bxf6 gxf6 18. Qg4+ Kf8 19. Nf3 f5 20. Qh5 Bxf3 21. Qxf3 Qe5 22. Qh5 Qxb2 23. Rab1 Qxf2+ 24. Kh1 Rd4 25. Qxh7 Rh4 26. Rf1 Rxh7 27. Rxf2 Bxf2 28. c5 Bxc5 29. Bb5 Ke7 30. Rd1 Rd8 31. Rf1 Bxa3 32. g4 fxg4 0-1


[Site "https://www.chess.com"]

[Event "Titled Tuesday Blitz May 03 Late 2022"]
[White "Sernecki, Franciszek"]
[Black "Jegorovas, Aleksandras"]
[WhiteFideId "1169297"]
[BlackFideId "12801950"]
[WhiteElo "2165"]
[BlackElo "2247"]
[Result "0-1"]
[Round "03"]
[TimeControl "180+1"]
[Date "2022.05.03"]
[WhiteClock "0:00:55"]
[BlackClock "0:01:33"]

1. d4 e6 2. c4 Nf6 3. Nc3 Bb4 4. Qc2 O-O 5. e3 c5 6. Nf3 Nc6 7. Bd3 cxd4 8. exd4 d5 9. Be3 dxc4 10. Bxc4 Be7 11. O-O Nb4 12. Qe2 b6 13. a3 Nbd5 14. Rac1 Bb7 15. Ne5 Rc8 16. Ba2 Nxc3 17. bxc3 Bxa3 18. Rc2 Be4 19. Rd2 Rxc3 20. Rfd1 Rc1 21. Bg5 Rxd1+ 22. Rxd1 Bd5 23. Bb1 Be7 24. Bxf6 Bxf6 25. Qh5 g6 26. Qh3 Bxe5 27. dxe5 Qg5 28. g3 Qxe5 29. Qh6 Rc8 30. Qd2 Qc3 31. Qe2 Bf3 32. Bxg6 Bxe2 33. Bxh7+ Kxh7 0-1


[Site "https://www.chess.com"]

[Event "Titled Tuesday Blitz May 03 Late 2022"]
[White "Shimanov, Aleksandr"]
[Black "Trost, Edvin"]
[WhiteFideId "4198603"]
[BlackFideId "1729519"]
[WhiteElo "2636"]
[BlackElo "2160"]
[Result "1-0"]
[Round "03"]
[TimeControl "180+1"]
[Date "2022.05.03"]
[WhiteClock "0:01:03"]
[BlackClock "0:00:11"]

1. e4 e5 2. Nf3 d6 3. Nc3 Nf6 4. h3 Be7 5. d3 O-O 6. g4 Nc6 7. Bg2 Nd7 8. Be3 Nc5 9. Nd5 Ne6 10. c3 Re8 11. O-O Bf8 12. Re1 Ne7 13. d4 exd4 14. cxd4 c6 15. Nc3 Ng6 16. Qd2 Bd7 17. Rad1 Qf6 18. e5 Qd8 19. g5 c5 20. dxc5 Bc6 21. exd6 b6 22. b4 a5 23. b5 Bxf3 24. Bxf3 bxc5 25. d7 Re7 26. Bxa8 Qxa8 27. d8=Q Nxd8 28. Qxd8 Qf3 29. Qc8 Ne5 30. Qxf8+ 1-0


[Site "https://www.chess.com"]

[Event "Titled Tuesday Blitz May 03 Late 2022"]
[White "Skliarov, Viktor"]
[Black "Urbina Perez, Juan Antonio"]
[WhiteFideId "14106736"]
[BlackFideId "2217368"]
[WhiteElo "2229"]
[BlackElo "2192"]
[Result "1-0"]
[Round "03"]
[TimeControl "180+1"]
[Date "2022.05.03"]
[WhiteClock "0:00:07"]
[BlackClock "0:00:19"]

1. e4 e5 2. Nc3 Nf6 3. Bc4 Nxe4 4. Qh5 Nd6 5. Bb3 Be7 6. Qxe5 O-O 7. d3 Re8 8. Nge2 Bf6 9. Qf4 Bxc3+ 10. bxc3 Qe7 11. Be3 Nc6 12. a4 Ne5 13. h4 Ng6 14. Qf3 Ne5 15. Qh3 b6 16. O-O Bb7 17. Ng3 h6 18. h5 c5 19. Nf5 Nxf5 20. Qxf5 c4 21. dxc4 Qe6 22. Qxe6 dxe6 23. c5 bxc5 24. Bxc5 Rec8 25. Bd4 Nc4 26. f3 Bd5 27. Rfd1 a6 28. a5 Rc6 29. Kf2 Rac8 30. Re1 R6c7 31. Ra4 Rb7 32. Rb4 Rbc7 33. Bxc4 Bxc4 34. Reb1 Rc6 35. Rb7 R6c7 36. Rxc7 Rxc7 37. Rb8+ Kh7 38. g4 f6 39. f4 Re7 40. Rc8 Bd5 41. Rd8 Bc4 42. Rd6 e5 43. fxe5 fxe5 44. Bc5 Rc7 45. Bb4 e4 46. Ke3 Bb5 47. Kxe4 Re7+ 48. Kd4 Rf7 49. Kc5 Rc7+ 50. Kb6 Rc4 51. Rd4 Rc7 52. Kxc7 1-0


[Site "https://www.chess.com"]

[Event "Titled Tuesday Blitz May 03 Late 2022"]
[White "Skuhala, Barbara"]
[Black "Fernandez Hernandez, Gerardo"]
[WhiteFideId "14605465"]
[BlackFideId "2207400"]
[WhiteElo "2155"]
[BlackElo "2186"]
[Result "0-1"]
[Round "03"]
[TimeControl "180+1"]
[Date "2022.05.03"]
[WhiteClock "0:01:13"]
[BlackClock "0:00:13"]

1. e4 d6 2. d4 g6 3. Nc3 c6 4. f3 Bg7 5. Be3 Nd7 6. Qd2 e5 7. Nge2 b5 8. f4 b4 9. Nd1 a5 10. Ng3 Ngf6 11. Bd3 Ng4 12. dxe5 Nxe3 13. Qxe3 dxe5 14. f5 Qb6 15. Qd2 O-O 16. Nf2 Nc5 17. O-O-O Nxd3+ 18. cxd3 b3 19. a3 Ba6 20. Ng4 c5 21. f6 Bxf6 22. h4 c4 23. dxc4 Rfd8 24. Qc3 Rac8 25. Rxd8+ Bxd8 26. Qxe5 Bxc4 27. Nh6+ Kf8 28. Qh8+ Ke7 29. Kb1 Bd3+ 30. Ka1 Qc5 31. Qc3 Qxc3 32. bxc3 Rxc3 33. Ng4 Rc2 34. Kb1 Ra2+ 35. Kc1 b2+ 36. Kd2 b1=Q+ 37. Ke3 Bb6+ 38. Kf3 Bxe4+ 0-1


[Site "https://www.chess.com"]

[Event "Titled Tuesday Blitz May 03 Late 2022"]
[White "Stanisz, Patryk"]
[Black "Reprintsev, Alexander"]
[WhiteFideId "1123106"]
[BlackFideId "14100541"]
[WhiteElo "1833"]
[BlackElo "2108"]
[Result "0-1"]
[Round "03"]
[TimeControl "180+1"]
[Date "2022.05.03"]
[WhiteClock "0:00:03"]
[BlackClock "0:00:18"]

1. Nf3 d5 2. c4 dxc4 3. e3 Nc6 4. Bxc4 e5 5. Nc3 Bd6 6. h3 Nf6 7. O-O O-O 8. d4 exd4 9. exd4 Bf5 10. Re1 Qd7 11. Bg5 Be7 12. Qd2 Rad8 13. Rad1 h6 14. Bf4 Bd6 15. Bxh6 gxh6 16. Qxh6 Nh7 17. Ng5 Bf4 18. Nxh7 Bxh6 19. Nf6+ Kg7 20. Nxd7 Rxd7 21. Bb5 Rxd4 22. Bxc6 Rxd1 23. Rxd1 bxc6 24. g4 Bg6 25. Ne2 Rb8 26. b3 Rb4 27. Rd7 Re4 28. Ng3 Re1+ 29. Kg2 Bf4 30. h4 Bd6 31. h5 Bb1 32. a4 Bc2 33. b4 Bxa4 34. Nf5+ Kf6 35. Nxd6 cxd6 36. Rxa7 Bb5 37. Rd7 d5 38. h6 Re8 39. f4 Ke6 40. Rb7 d4 41. g5 d3 42. Ra7 d2 43. Ra1 Be2 44. Kf2 d1=Q 45. Rxd1 Bxd1 46. b5 cxb5 47. Kg3 Bc2 48. Kg4 Bf5+ 49. Kh5 Bg6+ 50. Kg4 b4 51. f5+ Bxf5+ 52. Kh5 b3 53. g6 Bxg6+ 54. Kg5 b2 55. h7 b1=Q 56. h8=Q Qc1+ 57. Kg4 Rxh8 0-1


[Site "https://www.chess.com"]

[Event "Titled Tuesday Blitz May 03 Late 2022"]
[White "Stoleriu, George"]
[Black "Mortazavi, Ali"]
[WhiteFideId "1227505"]
[BlackFideId "401323"]
[WhiteElo "2178"]
[BlackElo "2339"]
[Result "1-0"]
[Round "03"]
[TimeControl "180+1"]
[Date "2022.05.03"]
[WhiteClock "0:00:14"]
[BlackClock "0:00:11"]

1. e4 c6 2. Nc3 d5 3. Nf3 dxe4 4. Nxe4 Nf6 5. Nxf6+ exf6 6. Bd3 Bd6 7. Qe2+ Be7 8. O-O O-O 9. Re1 Bd6 10. h3 Na6 11. Bxa6 bxa6 12. d4 Bf5 13. c3 Qb6 14. c4 Qb7 15. b3 a5 16. Bd2 a4 17. bxa4 Rad8 18. Rab1 Qa6 19. c5 Qxe2 20. Rxe2 Bxb1 21. cxd6 Rfe8 22. Re7 Bxa2 23. Bb4 Be6 24. Rxa7 Rd7 25. Rxd7 Bxd7 26. Nd2 Re1+ 27. Kh2 Re2 28. Nc4 Kf8 29. a5 Ra2 30. Ba3 Rc2 31. Nb6 Ke8 32. a6 Ra2 33. a7 Rxa3 34. a8=Q+ Rxa8 35. Nxa8 g5 36. Kg3 Be6 37. Nb6 f5 38. f4 f6 39. Kf3 Bd5+ 40. Kg3 gxf4+ 41. Kxf4 Bxg2 42. Kxf5 Bxh3+ 43. Kxf6 Kd8 44. Na4 Bf1 45. Nc5 Bc4 46. Kg5 Ba2 47. Kf6 Bc4 48. Ke5 Ba2 49. d7 h5 50. Kd6 1-0


[Site "https://www.chess.com"]

[Event "Titled Tuesday Blitz May 03 Late 2022"]
[White "Storey, Charles H"]
[Black "Ambartsumova, Karina"]
[WhiteFideId "406686"]
[BlackFideId "4166299"]
[WhiteElo "2263"]
[BlackElo "2262"]
[Result "0-1"]
[Round "03"]
[TimeControl "180+1"]
[Date "2022.05.03"]
[WhiteClock "0:01:15"]
[BlackClock "0:00:57"]

1. e4 c5 2. Nf3 Nc6 3. d4 cxd4 4. Nxd4 Qb6 5. Nb3 Nf6 6. Be3 Qc7 7. Nc3 e6 8. g3 Bb4 9. Bg2 b6 10. O-O Bxc3 11. bxc3 Bb7 12. Re1 O-O 13. Bg5 Qe5 14. Bxf6 Qxf6 15. Qxd7 Rab8 16. Nd4 Rfd8 17. Qc7 Nxd4 18. cxd4 Qxd4 19. a4 Rdc8 20. Qe7 Rxc2 21. Rf1 Qc5 22. Qxc5 Rxc5 23. Rfd1 Bc6 24. Rd6 Kf8 25. f4 Ke7 26. Rad1 Bxa4 27. e5 Bxd1 28. Rxd1 Rbc8 0-1


[Site "https://www.chess.com"]

[Event "Titled Tuesday Blitz May 03 Late 2022"]
[White "Suarez Uriel, Adrian"]
[Black "Sargsyan, Anna M."]
[WhiteFideId "22230874"]
[BlackFideId "13308130"]
[WhiteElo "2316"]
[BlackElo "2271"]
[Result "1-0"]
[Round "03"]
[TimeControl "180+1"]
[Date "2022.05.03"]
[WhiteClock "0:00:33"]
[BlackClock "0:00:03"]

1. e4 e5 2. Nf3 Nc6 3. Bb5 a6 4. Ba4 Nf6 5. d3 b5 6. Bb3 Bc5 7. O-O d6 8. Nc3 h6 9. a3 O-O 10. Ne2 d5 11. exd5 Nxd5 12. Ng3 Be6 13. Re1 f6 14. d4 Nxd4 15. Nxd4 Bxd4 16. c3 Bb6 17. Nf5 c6 18. Qg4 Bxf5 19. Qxf5 Qc8 20. Qg6 Qe8 21. Qe4 Qh5 22. Bxd5+ cxd5 23. Qxd5+ Kh8 24. Be3 Bxe3 25. Rxe3 Rad8 26. Qe6 Rd2 27. h3 Rfd8 28. Qe7 R8d7 29. Qe6 R7d6 30. Qe7 Rd7 31. Qe6 Kh7 32. Rae1 Qh4 33. Rf3 Qg5 34. b4 Rd8 35. Qxa6 Rd1 36. Rxd1 Rxd1+ 37. Kh2 Qc1 38. Qe6 Rh1+ 39. Kg3 h5 40. h4 Qh6 41. Qf5+ Qg6+ 42. Qxg6+ Kxg6 43. Rd3 Ra1 44. Rd5 Rxa3 45. Rc5 Rxc3+ 46. Rxc3 1-0


[Site "https://www.chess.com"]

[Event "Titled Tuesday Blitz May 03 Late 2022"]
[White "Suleymanli, Aydin"]
[Black "Goltsev, Dmitry"]
[WhiteFideId "13413937"]
[BlackFideId "24176710"]
[WhiteElo "2481"]
[BlackElo "2273"]
[Result "0-1"]
[Round "03"]
[TimeControl "180+1"]
[Date "2022.05.03"]
[WhiteClock "0:00:15"]
[BlackClock "0:00:27"]

1. e4 e6 2. d4 d5 3. Nd2 c5 4. Ngf3 Nf6 5. exd5 exd5 6. Bb5+ Nc6 7. O-O Be7 8. dxc5 Bxc5 9. Nb3 Bb6 10. Re1+ Be6 11. Be3 O-O 12. Nfd4 Nxd4 13. Bxd4 Ne4 14. c3 Qh4 15. Bxb6 axb6 16. Qd4 Qd8 17. Bd3 Nd6 18. Re2 b5 19. Nc5 Qc8 20. Nxe6 fxe6 21. Rae1 Rf6 22. a3 Ra4 23. Qb6 Ra6 24. Qe3 Ra4 25. Qh3 Rh6 26. Qg3 Qd7 27. Re5 Rf6 28. Qh3 Rh6 29. Rh5 Rxh5 30. Qxh5 g6 31. Qe5 d4 32. cxd4 Nf7 33. Qxb5 Rxd4 34. Qxd7 Rxd7 35. Bc4 Rd2 36. Rxe6 Kf8 37. h4 Nd6 38. Bf1 Nf5 39. h5 Rxb2 40. hxg6 hxg6 41. Rxg6 Ke7 42. g3 Nd4 43. Kg2 Nc2 44. Rg4 Ne3+ 45. Kg1 Nxg4 0-1


[Site "https://www.chess.com"]

[Event "Titled Tuesday Blitz May 03 Late 2022"]
[White "Svane, Rasmus"]
[Black "Wieczorek, Oskar"]
[WhiteFideId "4657101"]
[BlackFideId "1133950"]
[WhiteElo "2645"]
[BlackElo "2319"]
[Result "1-0"]
[Round "03"]
[TimeControl "180+1"]
[Date "2022.05.03"]
[WhiteClock "0:01:30"]
[BlackClock "0:01:08"]

1. Nf3 Nf6 2. g3 a5 3. Bg2 a4 4. O-O e6 5. c4 Be7 6. Nc3 a3 7. b3 d5 8. d4 O-O 9. Qc2 Nc6 10. Rd1 Nb4 11. Qb1 c6 12. e4 dxe4 13. Nxe4 Nxe4 14. Qxe4 c5 15. Bf4 Qb6 16. Ng5 f5 17. dxc5 Bxc5 18. Qe2 Bd4 19. Rxd4 Qxd4 20. Be5 Qd3 21. Qh5 f4 22. Be4 1-0


[Site "https://www.chess.com"]

[Event "Titled Tuesday Blitz May 03 Late 2022"]
[White "Sztokbant, Bernardo Vainzoff"]
[Black "Wagner, Dennis"]
[WhiteFideId "2115956"]
[BlackFideId "24650684"]
[WhiteElo "2513"]
[BlackElo "2758"]
[Result "1-0"]
[Round "03"]
[TimeControl "180+1"]
[Date "2022.05.03"]
[WhiteClock "0:00:12"]
[BlackClock "0:00:55"]

1. e4 c5 2. Nf3 d6 3. d4 cxd4 4. Nxd4 Nf6 5. Nc3 a6 6. Bg5 e6 7. Qd2 Be7 8. O-O-O h6 9. Be3 b5 10. f3 b4 11. Nce2 a5 12. Kb1 O-O 13. g4 d5 14. e5 Nfd7 15. f4 a4 16. h4 Nc5 17. Bg2 Ne4 18. Bxe4 dxe4 19. g5 h5 20. Ng3 a3 21. b3 Nd7 22. Nc6 Qe8 23. Nxh5 Bb7 24. Nxe7+ Qxe7 25. Qxd7 Qxd7 26. Rxd7 Bd5 27. Bc5 Rfb8 28. f5 Rb5 29. Be3 exf5 30. Rf1 Be6 31. Rd4 Rab8 32. Nf4 R8b7 33. h5 Rxe5 34. Rd8+ Kh7 35. g6+ fxg6 36. hxg6+ Kh6 37. Nxe6+ Kxg6 38. Rg1+ Kf7 39. Rxg7+ Kxe6 40. Rxb7 f4 41. Re8+ Kf5 42. Rf7+ Kg6 43. Rxe5 fxe3 44. Rxe4 Kxf7 45. Rxe3 1-0


[Site "https://www.chess.com"]

[Event "Titled Tuesday Blitz May 03 Late 2022"]
[White "Tanenbaum, Zachary"]
[Black "Mogranzini, Roberto"]
[WhiteFideId "2060850"]
[BlackFideId "810894"]
[WhiteElo "2727"]
[BlackElo "2512"]
[Result "1-0"]
[Round "03"]
[TimeControl "180+1"]
[Date "2022.05.03"]
[WhiteClock "0:01:53"]
[BlackClock "0:01:37"]

1. e4 e6 2. d4 d5 3. Nc3 Bb4 4. exd5 exd5 5. Bd3 Ne7 6. Nf3 Bf5 7. Bxf5 Nxf5 8. Qd3 Bxc3+ 9. bxc3 Nd6 10. O-O O-O 11. Ng5 g6 12. Qh3 h5 13. f4 Qd7 14. Qf3 c6 15. Ba3 Re8 16. Bxd6 Qxd6 17. f5 Qe7 18. fxg6 fxg6 19. Rae1 1-0


[Site "https://www.chess.com"]

[Event "Titled Tuesday Blitz May 03 Late 2022"]
[White "Thybo, Jesper Sondergaard"]
[Black "Moiseenko, Alexander"]
[WhiteFideId "1438832"]
[BlackFideId "14102560"]
[WhiteElo "2316"]
[BlackElo "2577"]
[Result "0-1"]
[Round "03"]
[TimeControl "180+1"]
[Date "2022.05.03"]
[WhiteClock "0:00:03"]
[BlackClock "0:00:11"]

1. Nf3 c5 2. b3 d5 3. Bb2 f6 4. e3 e5 5. c4 d4 6. exd4 cxd4 7. g3 Nc6 8. Bg2 Nh6 9. O-O Be7 10. d3 O-O 11. Na3 Nf7 12. Nc2 a5 13. a3 Bg4 14. h3 Be6 15. Re1 Qd7 16. Kh2 f5 17. b4 axb4 18. axb4 Rxa1 19. Qxa1 Nxb4 20. Nxb4 Bxb4 21. Nxe5 Qc7 22. Nxf7 Bxe1 23. Ng5 Bxf2 24. Nxe6 Qxg3+ 25. Kh1 Re8 26. Bxd4 Bxd4 27. Qxd4 Rxe6 28. Bd5 Qxh3+ 29. Kg1 Qg3+ 30. Kh1 Qe1+ 31. Kg2 Kf7 32. Qf4 Qe2+ 33. Kg1 Qg4+ 34. Qxg4 fxg4 35. Kg2 Kf6 36. Bxe6 Kxe6 37. Kg3 h5 38. d4 Kd6 39. Kh4 g6 40. Kg3 g5 41. Kg2 h4 42. Kh2 g3+ 43. Kh3 Kc6 44. Kg2 b5 45. d5+ Kc5 46. cxb5 Kxb5 47. Kh3 Kc5 0-1


[Site "https://www.chess.com"]

[Event "Titled Tuesday Blitz May 03 Late 2022"]
[White "Tisaj, Domen"]
[Black "Moskalenko, Alexander"]
[WhiteFideId "14628708"]
[BlackFideId "4155351"]
[WhiteElo "2333"]
[BlackElo "2434"]
[Result "1-0"]
[Round "03"]
[TimeControl "180+1"]
[Date "2022.05.03"]
[WhiteClock "0:01:55"]
[BlackClock "0:02:22"]

1. Nf3 d5 2. e3 c6 3. c4 e6 4. Nc3 Nd7 5. b3 Bd6 6. Bb2 f5 7. Qc2 Ngf6 8. cxd5 exd5 9. Qxf5 O-O 10. Qe6+ Kh8 11. Qxd6 Re8 12. Be2 Nb6 13. Qxd8 Rxd8 14. O-O Bg4 15. Ne5 Bxe2 16. Nxe2 Re8 17. d3 Kg8 18. h3 Nbd7 19. Nxd7 Nxd7 20. b4 1-0


[Site "https://www.chess.com"]

[Event "Titled Tuesday Blitz May 03 Late 2022"]
[White "Toncheva, Nadya"]
[Black "Yurovskykh, Oleksandr"]
[WhiteFideId "2924056"]
[BlackFideId "14134020"]
[WhiteElo "1884"]
[BlackElo "2292"]
[Result "1-0"]
[Round "03"]
[TimeControl "180+1"]
[Date "2022.05.03"]
[WhiteClock "0:00:02"]
[BlackClock "0:00:02"]

1. e4 e6 2. d4 d5 3. Nd2 dxe4 4. Nxe4 Bd7 5. Nf3 Bc6 6. Bd3 Nd7 7. Qe2 Ngf6 8. O-O Nxe4 9. Bxe4 Bxe4 10. Qxe4 c6 11. c3 Nf6 12. Qe2 Be7 13. Bf4 O-O 14. Rfe1 h6 15. Rad1 Bd6 16. Ne5 Qc7 17. c4 Qe7 18. Rd3 Rfd8 19. Rg3 Kf8 20. Qe3 Nh5 21. Rf3 Nxf4 22. Qxf4 Bxe5 23. Rxe5 Rd7 24. h3 Rad8 25. Re4 Kg8 26. Rg3 Kf8 27. Qe5 Qf6 28. Qc5+ Kg8 29. Rf3 Qg6 30. Rg4 Qb1+ 31. Kh2 Qxb2 32. Qe5 f6 33. Qxf6 Qxa2 34. Qxe6+ Kh8 35. Qg6 a5 36. Rf6 Qxc4 37. Qh5 Kg8 38. Rxh6 b5 39. Rh8# 1-0


[Site "https://www.chess.com"]

[Event "Titled Tuesday Blitz May 03 Late 2022"]
[White "Tristan, Leonardo"]
[Black "Xiong, Jeffery"]
[WhiteFideId "113816"]
[BlackFideId "2047640"]
[WhiteElo "2404"]
[BlackElo "2727"]
[Result "0-1"]
[Round "03"]
[TimeControl "180+1"]
[Date "2022.05.03"]
[WhiteClock "0:00:02"]
[BlackClock "0:00:30"]

1. d4 g6 2. e4 Bg7 3. Nc3 a6 4. a4 d6 5. Nf3 Nf6 6. Be2 Nc6 7. O-O O-O 8. Be3 Bg4 9. d5 Bxf3 10. Bxf3 Ne5 11. Be2 c6 12. a5 cxd5 13. exd5 Rc8 14. Re1 Nfd7 15. Ra3 Nc4 16. Bxc4 Rxc4 17. Qd2 Qc7 18. Bh6 Ne5 19. Bxg7 Kxg7 20. Re2 Rc8 21. h3 Qc5 22. Ne4 Qb4 23. c3 Qb5 24. b3 Kg8 25. f4 Rxe4 26. Rxe4 Qc5+ 27. Kh2 Qxa3 28. fxe5 Qxb3 29. Rb4 Qxc3 30. Qxc3 Rxc3 31. Rxb7 Rc5 32. Rxe7 Rxa5 33. exd6 Rxd5 34. Rd7 Kg7 35. Rd8 h5 36. h4 Kf6 37. d7 Ke7 38. Ra8 Kxd7 39. Ra7+ Ke6 40. Rxa6+ Kf5 41. Ra4 Re5 42. g3 Re4 43. Ra2 Kg4 44. Rf2 f5 45. Rg2 Re3 0-1


[Site "https://www.chess.com"]

[Event "Titled Tuesday Blitz May 03 Late 2022"]
[White "Tymrakiewicz, Rafal"]
[Black "Yedidia, Daniel"]
[WhiteFideId "1108832"]
[BlackFideId "30905907"]
[WhiteElo "2205"]
[BlackElo "2569"]
[Result "0-1"]
[Round "03"]
[TimeControl "180+1"]
[Date "2022.05.03"]
[WhiteClock "0:00:08"]
[BlackClock "0:00:14"]

1. e4 e5 2. Nc3 Nf6 3. Bc4 Nc6 4. d3 Be7 5. f4 d6 6. Nf3 O-O 7. O-O Nd7 8. f5 Na5 9. g4 Nxc4 10. dxc4 c6 11. Be3 a6 12. Qd2 b5 13. cxb5 axb5 14. Rfd1 Bb7 15. g5 Nb6 16. b3 c5 17. Qg2 b4 18. Nd5 Nxd5 19. exd5 Kh8 20. Nd2 Qd7 21. Rf1 f6 22. g6 h6 23. Qh3 Bd8 24. Rf3 Bxd5 25. Rg3 Ra7 26. Kf2 Kg8 27. Rag1 Bb6 28. Bxh6 gxh6 29. g7 c4+ 30. Ke1 Bxg1 31. Qxh6 Qxg7 32. Rxg7+ Rxg7 33. bxc4 Bb7 34. Ke2 Bd4 35. Nf3 Rg2+ 36. Kf1 Bxf3 37. Qh3 Rg1# 0-1


[Site "https://www.chess.com"]

[Event "Titled Tuesday Blitz May 03 Late 2022"]
[White "Vega Gutierrez, Sabrina"]
[Black "Carrasco Miranda, Andres"]
[WhiteFideId "2219026"]
[BlackFideId "3405990"]
[WhiteElo "2286"]
[BlackElo "2177"]
[Result "0-1"]
[Round "03"]
[TimeControl "180+1"]
[Date "2022.05.03"]
[WhiteClock "0:00:01"]
[BlackClock "0:00:18"]

1. e4 c5 2. Nf3 d6 3. d4 cxd4 4. Nxd4 Nf6 5. Nc3 a6 6. h3 e5 7. Nde2 h5 8. Bg5 Nbd7 9. Ng3 b5 10. Nf5 Qc7 11. Bd3 Bb7 12. Qf3 b4 13. Nd5 Bxd5 14. exd5 g6 15. Nh4 Bg7 16. O-O O-O 17. a3 a5 18. Rfc1 e4 19. Bxe4 Nxe4 20. Qxe4 Bxb2 21. Nxg6 fxg6 22. Qxg6+ Bg7 23. Re1 Ne5 24. Qxh5 Qxc2 25. f4 Qg6 26. Qxg6 Nxg6 27. Rab1 bxa3 28. g3 a2 29. Ra1 Bxa1 30. Rxa1 Rf5 31. Rxa2 Rxd5 32. h4 a4 33. h5 Nf8 34. h6 Kh7 35. Re2 a3 36. Re7+ Kg6 37. g4 Rxg5 38. Rg7+ Kxh6 39. Rxg5 a2 40. Rh5+ Kg6 41. f5+ Kf6 42. Rh6+ Ke5 0-1


[Site "https://www.chess.com"]